 Dungeon Crawl Stone Soup version 0.25-a0-578-gc91f01c39c (webtiles) character file.

Game seed: 8937755462214297935, levelgen mode: deterministic

38 An17 the Ruffian (level 3, -1/31 HPs)
             Began as a Naga Transmuter on Mar 4, 2020.
             Slain by a goblin (2 damage)
             ... on level 2 of the Dungeon.
             The game lasted 00:03:19 (1868 turns).

An17 the Ruffian (Naga Transmuter)                  Turns: 1868, Time: 00:03:20

Health: -1/31      AC:  2    Str: 12    XL:     3   Next: 43%
Magic:  6/6        EV: 10    Int: 14    God:
Gold:   71         SH:  0    Dex: 11    Spells: 5/6 levels left

rFire    . . .     SeeInvis +     - Unarmed
rCold    . . .     Gourm    .   (no shield)
rNeg     . . .     Faith    .   b - +0 robe
rPois    +         Spirit   .   (no helmet)
rElec    .         Reflect  .   (no cloak)
rCorr    .         Harm     .   (no gloves)
MR       .....                  (no barding)
Stlth    +.........             (no amulet)
HPRegen  0.10/turn              c - ring of flight
MPRegen  0.10/turn              (no ring)

@: lethally poisoned (-1 -> -3), appendage (expiring), very slow
A: large, horns 2, see invisible, deformed body, poison resistance, slowness 2,
slow metabolism 1, spit poison 1, AC +1
a: Spit Poison, End Transformation, Evoke Flight


You were on level 2 of the Dungeon.
You were not hungry.
You had grown temporary horns.
You visited 1 branch of the dungeon, and saw 2 of its levels.

You collected 71 gold pieces.

Inventory:

Missiles
 a - 38 arrows
Armour
 b - a +0 robe (worn)
 h - a +0 helmet
 k - a +0 ring mail
Jewellery
 c - a ring of flight (left hand)
Scrolls
 m - a scroll of teleportation
Potions
 e - a potion of resistance {unknown}
 f - a potion of brilliance {unknown}
 g - a potion of curing {unknown}
 i - 2 potions of flight
 j - a potion of might {unknown}
 l - a potion of heal wounds {unknown}
Comestibles
 d - 4 rations


   Skills:
 + Level 1.0 Fighting
 + Level 2.1 Dodging
 + Level 1.0 Stealth
 + Level 3.4 Unarmed Combat
 + Level 2.3 Spellcasting
 + Level 2.2 Transmutations


You had 5 spell levels left.
You knew the following spells:

 Your Spells              Type           Power        Failure   Level  Hunger
a - Beastly Appendage     Tmut           #.....       10%         1    #......

Your spell library contained the following spells:

 Spells                   Type           Power        Failure   Level  Hunger
 Sticks to Snakes         Tmut           #.......     14%         2    ###....
 Spider Form              Tmut/Pois      #.........   41%         3    ###....
 Ice Form                 Ice/Tmut       #.......     82%         4    #####..
 Blade Hands              Tmut           #.........   95%         5    ######.


Dungeon Overview and Level Annotations

Branches:
Dungeon (2/15)

Altars:
Makhleb


Innate Abilities, Weirdness & Mutations

You cannot wear boots.
Your serpentine skin is tough. (AC +1)
You have supernaturally acute eyesight. (SInv)
Armour fits poorly on your strangely shaped body.
Your system is resistant to poisons. (rPois)
You cover ground very slowly.
You have a slow metabolism.
You can spit poison.
You have a pair of horns on your head.


Message History

You are poisoned.
The adder poisons you! The goblin hits you. The adder bites you.
You hit the adder.
The adder is heavily wounded.
Your transformation is almost over.
You feel sick. The goblin hits you. The adder bites you.
* * * LOW HITPOINT WARNING * * *
You miss the adder. Your headbutt misses the adder.
The adder is heavily wounded.
The goblin closely misses you. The adder closely misses you.
You miss the adder.
The adder is heavily wounded.
The goblin hits you.
* * * LOW HITPOINT WARNING * * *
The adder bites you.
* * * LOW HITPOINT WARNING * * *
You feel sick. The goblin barely misses you. The adder bites you.
* * * LOW HITPOINT WARNING * * *
The goblin hits you.
You die...

#. #####.### #.# #.
#.# ##.# #.#
#.####...## ..###
........## #.#.##
##.......##
#....####.........###
#.......+.........'..
#..Sg## #.........###
#...@.# #.......##
#####.# ##.....## #.#
##...## #.# ##'## #.#
#.# #####.#####
#.#######
#.........###.##.....
#.##...........#.####
#.##..###.#......#


You could see an adder and a goblin.

Vanquished Creatures
  A worm (D:2)
  3 leopard geckos
  4 bats
  2 giant cockroaches
  4 goblins
  2 hobgoblins
  7 kobolds
  2 ball pythons
  A frilled lizard (D:1)
  3 rats
29 creatures vanquished.

Notes
Turn   | Place    | Note
-------+----------+-------------------------------------------
     0 | D:1      | An17 the Naga Transmuter began the quest for the Orb.
     0 | D:1      | Reached XP level 1. HP: 18/18 MP: 3/3
   346 | D:1      | Reached XP level 2. HP: 10/25 MP: 3/5
  1329 | D:2      | Reached XP level 3. HP: 17/31 MP: 4/6
  1621 | D:2      | Found a burning altar of Makhleb.
  1733 | D:2      | Reached skill level 1 in Stealth
  1868 | D:2      | HP: 1/31 [adder (3)]
  1868 | D:2      | Slain by a goblin

Levels and vault maps discovered:
D:1:      minmay_arrival_diagonal_passages, layout_loops_corners
D:2:      layout_loops_corners, bloody_makhleb, lemuel_doored_altar

Skill      XL: |  1  2  3 |
---------------+----------+-----
Dodging        | 2 |  2.1
Stealth        | 1 |  1.0
Fighting       | |  1.0
Unarmed Combat | |  3.4
Spellcasting   | |  2.3
Transmutations | |  2.2

Action                   || total
-------------------------++-------
Melee: Unarmed           ||   117
       Punch             ||     2
       Headbutt          ||    10
 Cast: Beastly Appendage ||    22
  Use: Scroll            ||     5
  Eat: Ration            ||     1
Armor: Robe              ||    23
Dodge: Dodged            ||    88

Table legend:
 A = Non-vault XP
 B = Vault XP
 C = Vault XP percentage of total XP
 D = Non-vault monster count
 E = Vault monster count
 F = Vault count percentage of total count
                 A         B        C        D         E       F
            +---------+---------+-------+---------+---------+-------
      Total |      55 |       0 |   0.0 |      29 |       0 |   0.0
            +---------+---------+-------+---------+---------+-------
        D:1 |      27 |       0 |   0.0 |      15 |       0 |   0.0
        D:2 |      28 |       0 |   0.0 |      14 |       0 |   0.0
            +---------+---------+-------+---------+---------+-------
